 Dungeon Crawl Stone Soup version 0.22-a0-469-gf26638a (webtiles) character file.

276 Gildeon the Sneak (level 6, -3/32 HPs)
             Began as a Spriggan Assassin on June 13, 2018.
             Was an Initiate of Sif Muna.
             Killed by nerve-wracking pain
             ... invoked by Grinder
              (12 damage)
             ... on level 4 of the Dungeon.
             The game lasted 00:24:26 (4132 turns).

Gildeon the Sneak (Spriggan Assassin)               Turns: 4132, Time: 00:24:26

Health: -3/32      AC:  3    Str: 11    XL:     6   Next: 4%
Magic:  7/7        EV: 19    Int: 12    God:    Sif Muna [......]
Gold:   180        SH:  0    Dex: 20    Spells: 5/5 levels left

rFire    . . .     SeeInvis +   a - +3 dagger
rCold    . . .     Gourm    .   (shield restricted)
rNeg     . . .     Faith    .   c - +0 robe
rPois    +         Spirit   .   (helmet restricted)
rElec    .         Reflect  .   d - +0 cloak
rCorr    .         Harm     .   (gloves unavailable)
MR       +....                  (boots unavailable)
Stlth    ++++......             (no amulet)
HPRegen  0.10/turn              k - +4 ring of strength
MPRegen  0.10/turn              o - ring of poison resistance

@: very quick
A: very small, unfitting armour, see invisible, herbivore, speed 3, slow
metabolism 2
a: Renounce Religion


You were on level 4 of the Dungeon.
You worshipped Sif Muna.
Sif Muna was noncommittal.
You were not hungry.

You visited 1 branch of the dungeon, and saw 4 of its levels.

You collected 180 gold pieces.

Inventory:

Hand Weapons
 a - a +3 dagger (weapon)
 b - a +0 blowgun
 l - a cursed -3 dagger
Missiles
 f - 12 poisoned needles
Armour
 c - a +0 robe (worn)
 d - a +0 cloak (worn)
Jewellery
 e - an uncursed ring of wizardry
 k - a +4 ring of strength (left hand)
 o - a ring of poison resistance (right hand)
 q - an uncursed ring of magical power
Scrolls
 p - 2 scrolls of fear
 t - a scroll of teleportation
Potions
 h - 3 potions of cancellation
 i - 2 potions of curing
 j - a potion of agility
 m - a potion of heal wounds {unknown}
 n - a potion of haste {unknown}
 r - a potion of mutation {unknown}
 s - 2 potions of invisibility {unknown}
Comestibles
 g - 5 rations


   Skills:
 + Level 2.4 Fighting
 + Level 3.4 Short Blades
 + Level 3.1 Throwing
 + Level 1.6 Armour
 + Level 3.5 Dodging
 + Level 7.1 Stealth


You had 5 spell levels left.
You didn't know any spells.
Your spell library was empty.

Dungeon Overview and Level Annotations

Branches:
Dungeon (4/15)
 Temple: D:4-7

Altars:
Sif Muna
Trog
Vehumet
Xom

Annotations:
D:3 exclusions: 3 orcs and orc wizard
D:4 2 transporters, exclusions: hound and scorpion, Grinder


Innate Abilities, Weirdness & Mutations

You are very small and have problems with some larger weapons.
You are too small for most types of armour.
You have supernaturally acute eyesight. (SInv)
You are a herbivore.
You cover ground extremely quickly.
You need to consume almost no food.


Message History

Aim: Grinder (unusually agile)
You shoot a poisoned needle.
The poisoned needle barely misses Grinder.
Firing (i - inventory)
f - 13 poisoned needles (quivered)
Press: ? - help, Shift-Dir - straight line, f/p - Grinder
Aim: Grinder (unusually agile)
You shoot a poisoned needle.
The poisoned needle closely misses Grinder.
Wield which item (- for none, * to show all)? (? for menu, Esc to quit)
a - a +3 dagger (weapon)
You hit Grinder.
Grinder is lightly wounded.
Grinder gestures at you. Pain shoots through your body!
* * * LOW HITPOINT WARNING * * *
You barely miss Grinder.
Grinder is lightly wounded.
Grinder gestures at you. Pain shoots through your body!
You die...

##..###..##
###.####.....###.
##..##..# ####
#..........
##.<.†## ##.#
##..###..).
##...## ###(.#
#..# ##..†
#....#####.(..#
##.## ##..
#.[...........#
#..####..
#.............#
###......
#.5#######.5..#
##...## #..##
##@..# #..###
...## #....#
##.## ####
##.#### #.##
##.## ### #.##
###


You could see Grinder.

Vanquished Creatures
  3 crimson imps (D:3)
  An iguana (D:4)
  A worker ant (D:4)
  2 adders
  An ooze (D:2)
  3 worms
  2 dart slugs (D:1)
  5 leopard geckos
  4 orcs
  6 giant cockroaches
  14 goblins
  6 hobgoblins
  7 jackals
  A quokka (D:4)
  4 ball pythons
  10 bats
  4 frilled lizards
  6 kobolds
  2 rats (D:1)
82 creatures vanquished.

Notes
Turn   | Place    | Note
-------+----------+-------------------------------------------
     0 | D:1      | Gildeon the Spriggan Assassin began the quest for the Orb.
     0 | D:1      | Reached XP level 1. HP: 10/10 MP: 2/2
   136 | D:1      | Reached skill level 6 in Stealth
   136 | D:1      | Reached XP level 2. HP: 15/15 MP: 3/3
   967 | D:1      | Reached XP level 3. HP: 18/18 MP: 4/4
  2093 | D:2      | Found a deep blue altar of Sif Muna.
  2094 | D:2      | Found a radiant altar of Vehumet.
  2099 | D:2      | Became a worshipper of Sif Muna the Loreminder
  2201 | D:2      | Reached skill level 1 in Armour
  2205 | D:2      | Reached XP level 4. HP: 21/23 MP: 5/5
  2333 | D:2      | Found a faded altar of an unknown god.
  2812 | D:3      | Found a bloodstained altar of Trog.
  2860 | D:3      | Found a shimmering altar of Xom.
  2966 | D:3      | Reached XP level 5. HP: 16/26 MP: 6/6
  3174 | D:4      | Noticed Grinder
  3186 | D:4      | Paralysed by Grinder for 3 turns
  3741 | D:3      | Reached skill level 7 in Stealth
  3862 | D:4      | Found a transporter.
  3957 | D:4      | Found a transporter.
  4064 | D:4      | Reached XP level 6. HP: 11/32 MP: 7/7
  4132 | D:4      | Killed from afar by Grinder

Vault maps used:
D:1:      lemuel_arrival_hallway, minmay_unequal
D:2:      chequers_temple_overflow_statue_of_worship,
          chequers_ecumenical_altar_lobes, hangedman_glass_garden,
          minmay_mini_jars
D:3:      bloody_trog, led_xom_imps, first_ration, grunt_decor_mini_mirrors
D:4:      gammafunk_cloud_chamber, nicolae_dithmenos_through_a_glass_darkly,
          uniq_robin, uniq_grinder

Skill      XL: |  1  2  3  4  5 |
---------------+----------------+-----
Stealth        | 6 7 |  7.1
Dodging        | 2 3 |  3.5
Armour         | 1 |  1.6
Fighting       | 2 |  2.4
Short Blades   | 3 |  3.4
Throwing       | 3 |  3.1

Action                   |  1- 3 |  4- 6 || total
-------------------------+-------+-------++-------
Melee: Dagger            |   126 |   102 ||   228
 Fire: Blowgun           |    80 |    54 ||   134
  Use: Scroll            |     3 |     5 ||     8
 Stab: Sleeping          |     6 |     7 ||    13
  Eat: Ration            |       |     1 ||     1
Armor: Robe              |    22 |    13 ||    35
Dodge: Dodged            |   115 |    68 ||   183

Table legend:
 A = Spawn XP
 B = Non-spawn XP
 C = Spawn XP percentage of total XP
 D = Spawn monster count
 E = Non-spawn monster count
 F = Spawn count percentage of total count
 G = Total turns spent on level
                    A         B        C        D         E        F      G
               +---------+---------+-------+---------+---------+-------+---------
         Total |       0 |     395 |   0.0 |       0 |      82 |   0.0 |  4132
               +---------+---------+-------+---------+---------+-------+---------
           D:1 |       0 |      64 |   0.0 |       0 |      34 |   0.0 |  1615
           D:2 |       0 |      49 |   0.0 |       0 |      22 |   0.0 |  1004
           D:3 |       0 |     175 |   0.0 |       0 |      15 |   0.0 |   986
           D:4 |       0 |     107 |   0.0 |       0 |      11 |   0.0 |   527
               +---------+---------+-------+---------+---------+-------+---------
